 Seeded DCSS version 0.30-a0-159-g068b764562 (webtiles) character file.

Game seed: 1390893936131305701 (custom seed)

2 valliere the Conjurer (level 1, 12/12 HPs)
             Began as a Tengu Reaver on Sept 27, 2022.
             Quit the game on level 1 of the Dungeon.
             The game lasted 00:01:06 (37 turns).

valliere the Conjurer (Tengu Reaver)                  Turns: 37, Time: 00:01:06

Health: 12/12      AC:  3    Str: 12    XL:     1   Next: 40%
Magic:  4/4        EV: 11    Int: 13    God:
Gold:   0          SH:  0    Dex: 12    Spells: 3/4 levels left

rFire   . . .      SeeInvis .    a - +0 spear
rCold   . . .      Faith    .    (no shield)
rNeg    . . .      Spirit   .    b - +0 leather armour
rPois   .          Reflect  .    (helmet restricted)
rElec   .          Harm     .    (no cloak)
rCorr   .          Rampage  .    (no gloves)
Will    .....                    (boots unavailable)
Stlth   +.........               (no amulet)
HPRegen 0.04/turn                (no ring)
MPRegen 0.09/turn                (no ring)

@: no status effects
A: beak, talons 3
a: no special abilities


You were on level 1 of the Dungeon.
You visited 1 branch of the dungeon, and saw 1 of its levels.

Inventory:

Hand Weapons
 a - a +0 spear (weapon)
Armour
 b - a +0 leather armour (worn)
Jewellery
 c - the ring of Levity {rPois rC+ Int-4 Dex+4 Stlth+}
   (You acquired it on level 1 of the Dungeon)

   [ring of protection from cold]

   Int:       It affects your intelligence (-4).
   Dex:       It affects your dexterity (+4).
   rC:        It protects you from cold.
   rPois:     It protects you from poison.
   Stlth:     It makes you more stealthy.


   Skills:
 + Level 2.0 Fighting
 * Level 3.3 Polearms
 + Level 0.1 Armour
 + Level 2.2 Dodging
 - Level 2.0 Spellcasting
 + Level 4.0 Conjurations


You had 3 spell levels left.
You knew the following spells:

 Your Spells              Type           Power      Damage    Failure   Level
a - Kiss of Death         Conj/Necr      24%        2d7       14%         1

Your spell library contained the following spells:

 Spells                   Type           Power      Damage    Failure   Level
 Volcanic Tap             Conj/Fire/Erth 8%         3d8       28%         2
 Hailstorm                Conj/Ice       6%         3d4       38%         3
 Kindle Blastsparks       Fire/Tloc/Air  2%         2d10      67%         3
 Fulminant Prism          Conj/Hex       3%         3d6       80%         4
 Iskenderun's Mystic Bla  Conj/Tloc      6%         2d4       80%         4
 Lee's Rapid Deconstruct  Erth           0%         3d5*      100%        5


Dungeon Overview and Level Annotations

Branches:
Dungeon (1/15)

Altars:


Innate Abilities, Weirdness & Mutations

You have a beak for a mouth.
You have claws for feet.


Message History

Welcome, valliere the Tengu Reaver.
Game seed: 1390893936131305701 (custom seed) Press ? for a list of commands and other information.
Found a staircase leading out of the dungeon.
Okay, then.
You pick up a book of Blasting and begin reading...
You add the spells Kindle Blastsparks, Fulminant Prism, Iskenderun's Mystic Blast and Lee's Rapid Deconstruction to your library.
Found a spear.
c - a scroll labelled NOURIY XYNAO A bat comes into view.
A bat comes into view.
Unknown command.
This is a scroll of acquirement!
Something appears before you! The bat barely misses you.
You barely miss the bat. You peck the bat.
You kill the bat!
You hit the bat but do no damage. Your kick misses the bat.
Your peck misses the bat. The bat closely misses you.
You closely miss the bat. Your kick misses the bat. The bat closely misses you.
You reach to attack!
You hit the bat.
The bat is severely wounded.
The bat misses you.
You reach to attack!
You closely miss the bat.
The bat is severely wounded.
The bat hits you but does no damage. The bat barely misses you.
You barely miss the bat. Your peck misses the bat.
The bat is severely wounded.
The bat hits you but does no damage.
You reach to attack!
You hit the bat.
You kill the bat!
No target in view!
c - the ring of Levity {rPois rC+ Int-4 Dex+4 Stlth+} Are you sure you want to abandon this character and quit the game? (Confirm with "yes".)

#.........#
#.####.##.#
#.#<.#.##.#
#.#..#.##.#
#.##.#.##.#
#....#.##.###
######.##...#
........#.#
#####...@†#
#####.!.#
.......
.#.#### .#.#
.# # .# ##


There were no monsters in sight!

Vanquished Creatures
  2 bats (D:1)
2 creatures vanquished.

Notes
Turn   | Place    | Note
-------+----------+-------------------------------------------
     0 | D:1      | valliere the Tengu Reaver began the quest for the Orb.
     0 | D:1      | Reached XP level 1. HP: 12/12 MP: 4/4
    27 | D:1      | Identified a scroll of acquirement
    27 | D:1      | Acquired the ring of Levity {rPois rC+ Int-4 Dex+4 Stlth+}
    37 | D:1      | Quit the game

Illustrated notes

Levels and vault maps discovered:
D:1:      zelgadis_glass_arrival_small, layout_loops_ring,
          nicolae_ecumenical_snake_handling, feat_on_display

Action                   || total
-------------------------++-------
Melee: Spear             ||     7
       Peck              ||     1
  Use: Scroll            ||     1
Armor: Leather armour    ||     2
Dodge: Dodged            ||     5

Table legend: (Time is in decaauts)
 A = Elapsed time spent in this place.
 B = Non-inter-level travel time spent in this place.
 C = Inter-level travel time spent in this place.
 D = Time resting spent in this place.
 E = Time spent auto-exploring this place.
 F = Levels seen in this place.
 G = Mean time per level.
                   A        B        C        D        E       F      G
               +--------+--------+--------+--------+--------+-----+--------+
         Total |     36 |     36 |      0 |      0 |     22 |   1 |   36.0 |
       Dungeon |     36 |     36 |      0 |      0 |     22 |   1 |   36.0 |
               +--------+--------+--------+--------+--------+-----+--------+

Top non-repeatable levels by time:
     D:1: 36 daAuts
